 Dungeon Crawl Stone Soup version 0.20.0-15-g7f486f2 (webtiles) character file.

8131 zigma the Grappler (level 11, -11/77 HPs)
             Began as a Grey Draconian Transmuter on June 12, 2017.
             Was a Priest of Makhleb.
             Mangled by a polar bear (26 damage)
             ... on level 9 of the Dungeon.
             The game lasted 00:20:25 (9086 turns).

zigma the Grappler (Grey Draconian Transmuter)      Turns: 9086, Time: 00:20:26

Health: -11/77     AC: 16    Str: 13    XL:     11   Next: 5%
Magic:  10/14      EV: 12    Int: 17    God:    Makhleb [***...]
Gold:   404        SH:  0    Dex: 11    Spells: 5/14 levels left

rFire    . . .     SeeInvis +     - Unarmed
rCold    . . .     Gourm    .   (shield currently unavailable)
rNeg     . . .     Faith    .   (armour unavailable)
rPois    .         Spirit   .   (helmet restricted)
rElec    .         Reflect  .   A - +0 cloak
rCorr    .         Harm     .   (gloves currently unavailable)
MR       .....                  (no boots)
Stlth    +.........             g - amulet of regeneration
Regen    0.7/turn               m - ring of see invisible
MPRegen  0.2/turn               y - +3 ring of protection

@: blade hands, very slightly contaminated
A: walk through water, unfitting armour, unbreathing, cold-blooded, AC +12
a: End Transformation, Minor Destruction, Lesser Servant of Makhleb, Renounce
Religion


You were on level 9 of the Dungeon.
You worshipped Makhleb.
Makhleb was most pleased with you.
You were not hungry.
You had blades for hands.
You visited 1 branch of the dungeon, and saw 9 of its levels.

You collected 404 gold pieces.

Inventory:

Missiles
 a - 111 arrows
Armour
 f - a +2 pair of gloves (melded)
 A - a +0 cloak (worn)
Jewellery
 g - an amulet of regeneration (around neck)
 m - a ring of see invisible (left scythe-like blade)
 y - a +3 ring of protection (right scythe-like blade)
Wands
 b - a wand of iceblast (11/15)
Scrolls
 h - 2 scrolls of recharging
 i - 6 scrolls of remove curse
 j - 2 scrolls of teleportation
 k - a scroll of fear
 o - a scroll of enchant weapon {unknown}
 r - a scroll of torment {unknown}
 t - a scroll of blinking {unknown}
Potions
 d - a potion of berserk rage {unknown}
 e - a potion of curing
 n - 2 potions of flight
 p - 2 potions of haste
 x - a potion of ambrosia {unknown}
Books
 z - a book of Changes

   Spells                             Type                      Level
   a - Beastly Appendage              Transmutation                1
   b - Sticks to Snakes               Transmutation                2
   c - Spider Form                    Transmutation/Poison         3
   d - Ice Form                       Ice/Transmutation            4
   e - Blade Hands                    Transmutation                5
Comestibles
 c - 4 bread rations
 q - 3 royal jellies
 v - 2 meat rations


   Skills:
 - Level 1.3 Fighting
 - Level 1.7 Dodging
 * Level 12.4 Unarmed Combat
 - Level 2.0 Spellcasting
 + Level 8.6 Transmutations
 - Level 7.7 Ice Magic
   Level 2.2 Poison Magic
 + Level 1.5 Evocations


You had 5 spell levels left.
You knew the following spells:

 Your Spells              Type           Power        Failure   Level  Hunger
b - Blade Hands           Tmut           ####......   56%         5    ######.
x - Ice Form              Ice/Tmut       ####....     38%         4    #####..


Dungeon Overview and Level Annotations

Branches:
Dungeon (9/15)             Temple (0/1) D:4
   Lair: D:8-11         Orc: D:9-12

Altars:
Dithmenos
Fedhas
Kikubaaqudgha
Makhleb
Okawaru

Annotations:
D:3 zigma's ghost, amateur DrMo


Innate Abilities, Weirdness & Mutations

You can walk through water.
Your dull iron-grey scales are very hard. (AC +12)
You cannot fit into any form of body armour.
You can survive without breathing.
You are cold-blooded and may be slowed by cold attacks.


Message History

* * * LOW HITPOINT WARNING * * *
You hit the polar bear but do no damage.
The polar bear is severely wounded.
The polar bear bites you but does no damage.
The polar bear claws you but does no damage.
The polar bear barely misses you.
You slash the polar bear!
The polar bear is almost dead.
The polar bear closely misses you.
The polar bear claws you but does no damage.
The polar bear claws you.
* * * LOW HITPOINT WARNING * * *
The polar bear bites you.
* * * LOW HITPOINT WARNING * * *
The polar bear barely misses you.
The polar bear claws you but does no damage.
You barely miss the polar bear.
The polar bear is almost dead.
The polar bear bites you!!
You die...

******,******,<,..≈
#.,,,,,,,,,,,.....≈
#.,,,,,*****##.....
#.,∩,,,* #....>,
#.,,,,,* #....#*
#.,,,,,* #..#.#
#.,,,,,* #..#.#
#.###########..#.##
#.@h....)..........
#.###########..#...
#.,,,,,,,,.........
##***,***####....#.
*,,,,,,......#.
*,,***###.#..#.
****,,*#####.#..#.
**,,,,,,...........
*,,,,,,,,######..#.


You could see a polar bear (berserk).

Vanquished Creatures
  Erica (D:8)
  A two-headed ogre (D:9)
  The ghost of miragecloak the Martial Artist, a novice OpTm of Ashenzari (D:8)
  The ghost of Vajrapani the Martial Artist, a novice OpFi of Yredelemnul (D:7)
  Pikel (D:5)
  Maurice (D:8)
  A troll (D:8)
  Prince Ribbit (D:8)
  2 hippogriffs
  A wyvern (D:8)
  A wraith (D:9)
  2 yaks (D:9)
  2 water moccasins
  A sky beast (D:7)
  A black bear (D:4)
  5 ogres
  3 orc warriors
  5 centaurs
  A big kobold (D:7)
  3 bullfrogs
  A gnoll sergeant (D:8)
  2 scorpions (D:4)
  A wyvern skeleton (D:8)
  6 killer bees (D:8)
  5 wights (D:6)
  8 crimson imps
  A bullfrog zombie (D:8)
  4 orc priests
  A gnoll shaman (D:5)
  3 hounds
  5 orc wizards
  2 bullfrog skeletons
  3 iguanas
  8 worker ants
  A bullfrog simulacrum (D:9)
  2 hound skeletons
  A worker ant zombie (D:7)
  10 gnolls
  8 adders
  3 shadow imps
  2 white imps (D:9)
  An ooze (D:4)
  A worm (D:4)
  4 dart slugs
  4 leopard geckos
  30 orcs
  A giant cockroach (D:3)
  7 goblins
  2 hobgoblins
  17 jackals
  6 kobolds
  A quokka (D:7)
  A ball python skeleton (D:4)
  10 bats
  6 frilled lizards
  5 rats
  A butterfly (D:4)
209 creatures vanquished.

Vanquished Creatures (others)
  2 slaves (D:5)
  A scorpion (D:5)
  An orc wizard (D:4)
  2 gnolls (D:5)
  A giant cockroach (D:5)
7 creatures vanquished.

Grand Total: 216 creatures vanquished

Notes
Turn   | Place    | Note
-------+----------+-------------------------------------------
     0 | D:1      | zigma the Draconian Transmuter began the quest for the Orb.
     0 | D:1      | Reached XP level 1. HP: 16/16 MP: 3/3
   394 | D:1      | Reached XP level 2. HP: 23/23 MP: 5/5
   941 | D:2      | Reached XP level 3. HP: 20/28 MP: 6/6
  1060 | D:2      | Learned a level 3 spell: Spider Form
  1149 | D:2      | Reached skill level 4 in Unarmed Combat
  1580 | D:2      | Reached XP level 4. HP: 35/35 MP: 4/7
  1962 | D:3      | Found an iron altar of Okawaru.
  1962 | D:3      | Found a burning altar of Makhleb.
  1962 | D:3      | Found a blossoming altar of Fedhas.
  1968 | D:3      | Became a worshipper of Makhleb the Destroyer
  2017 | D:3      | Reached skill level 1 in Poison Magic
  2075 | D:3      | Noticed zigma's ghost (amateur DrMo)
  2854 | D:3      | Found a faded altar of an unknown god.
  3142 | D:4      | Reached XP level 5. HP: 20/40 MP: 8/8
  3334 | D:4      | Reached skill level 5 in Unarmed Combat
  3682 | D:4      | Reached XP level 6. HP: 46/47 MP: 9/9
  3691 | D:4      | Learned a level 4 spell: Ice Form
  4056 | D:4      | Reached skill level 1 in Ice Magic
  4249 | D:4      | Reached skill level 6 in Unarmed Combat
  4369 | D:4      | Your scales start taking on a dull iron-grey colour.
  4369 | D:4      | Reached XP level 7. HP: 33/52 MP: 5/10
  4369 | D:4      | Gained mutation: You can survive without breathing. [Grey Draconian growth]
  4375 | D:4      | Reached * piety under Makhleb
  4852 | D:4      | Found a staircase to the Ecumenical Temple.
  4971 | D:5      | Entered Level 5 of the Dungeon
  5116 | D:5      | Noticed Pikel
  5129 | D:5      | Killed Pikel
  5129 | D:5      | Reached skill level 7 in Unarmed Combat
  5129 | D:5      | Reached skill level 5 in Transmutations
  5129 | D:5      | Reached XP level 8. HP: 40/59 MP: 6/11
  5236 | D:5      | Found a shadowy altar of Dithmenos.
  5721 | D:5      | Reached skill level 8 in Unarmed Combat
  6555 | D:6      | Reached skill level 9 in Unarmed Combat
  6644 | D:7      | Found an ancient bone altar of Kikubaaqudgha.
  6661 | D:7      | Reached ** piety under Makhleb
  6726 | D:7      | Noticed a hippogriff
  6735 | D:7      | Killed a hippogriff
  6735 | D:7      | Reached XP level 9. HP: 28/64 MP: 8/12
  6935 | D:7      | Noticed Vajrapani's ghost (novice OpFi)
  6942 | D:7      | Killed Vajrapani's ghost
  6942 | D:7      | Reached skill level 5 in Ice Magic
  6955 | D:7      | Reached skill level 10 in Unarmed Combat
  7854 | D:8      | Noticed Prince Ribbit
  7883 | D:8      | Killed Prince Ribbit
  7883 | D:8      | Reached XP level 10. HP: 30/71 MP: 13/13
  8049 | D:8      | Noticed Erica
  8055 | D:8      | Killed Erica
  8055 | D:8      | Reached skill level 11 in Unarmed Combat
  8109 | D:8      | Noticed miragecloak's ghost (novice OpTm)
  8125 | D:8      | Killed miragecloak's ghost
  8251 | D:8      | Reached *** piety under Makhleb
  8264 | D:8      | Learned a level 5 spell: Blade Hands
  8690 | D:8      | Reached skill level 12 in Unarmed Combat
  8763 | D:8      | Noticed Maurice
  8793 | D:8      | Killed Maurice
  9045 | D:9      | Noticed a two-headed ogre
  9075 | D:9      | Killed a two-headed ogre
  9075 | D:9      | Reached skill level 1 in Evocations
  9075 | D:9      | Reached XP level 11. HP: 31/77 MP: 8/14
  9086 | D:9      | Mangled by a polar bear

Skill      XL: |  1  2  3  4  5  6  7  8  9 10 |
---------------+-------------------------------+-----
Unarmed Combat | 4 5 6 7 9 10 12 | 12.4
Transmutations | 3 4 5 6 7 8 |  8.6
Poison Magic   | 1 2 |  2.2
Ice Magic      | 1 3 4 6 7 |  7.7
Evocations     | 1 |  1.5
Fighting       | |  1.3
Dodging        | |  1.7
Spellcasting   | |  2.0

Action                   |  1- 3 |  4- 6 |  7- 9 | 10-12 || total
-------------------------+-------+-------+-------+-------++-------
Melee: Unarmed           |   128 |   211 |   348 |   137 ||   824
       Tailslap          |    12 |    17 |    18 |     1 ||    48
       Punch             |       |     2 |     2 |     1 ||     5
 Cast: Spider Form       |     2 |     8 |    14 |       ||    24
       Ice Form          |       |       |     8 |     8 ||    16
       Blade Hands       |       |       |       |     3 ||     3
  Use: Potion            |       |     6 |     5 |     1 ||    12
       Scroll            |       |     5 |     4 |     5 ||    14
 Stab: Sleeping          |       |     1 |       |       ||     1
       Distracted        |       |       |     1 |       ||     1
       Invisible         |       |       |     3 |       ||     3
  Eat: Chunk             |     2 |     5 |    16 |     5 ||    28
       Meat ration       |       |     1 |       |     1 ||     2
Armor: Skin              |    32 |    51 |    70 |    34 ||   187
Dodge: Dodged            |    87 |   143 |   172 |    72 ||   474
